 Dungeon Crawl Stone Soup version 0.31-a0-986-g5e6e4ef867 (webtiles) character file.

Game seed: 4834494697107048727

110 lunkers the Ruffian (level 5, -1/40 HPs)
             Began as a Meteoran Shapeshifter on Nov 16, 2023.
             Slain by Grinder (8 damage)
             ... on level 3 of the Dungeon.
             The game lasted 00:03:29 (752 turns).

lunkers the Ruffian (Meteoran Shapeshifter)          Turns: 752, Time: 00:03:30

Health: -1/40      AC:  6    Str: 16    XL:     5   Next: 38%
Magic:  6/6        EV: 11    Int: 11    God:
Gold:   53         SH:  0    Dex: 15    Spells: 4/4 levels left

rFire   . .          .
                       - Unarmed
rCold   . . .        (no shield)
rNeg    . . .        b - +1 ring mail {rPois}
rPois   +            (helmet currently unavailable)
rElec   .            (cloak currently unavailable)
rCorr   .            (gloves currently unavailable)
SInv    .            (boots currently unavailable)
Will    .....        (no amulet)
Stlth   +            l - ring of poison resistance
HPRegen 0.26/turn    (no ring)
MPRegen 0.10/turn

%: no passive effects
@: beast-form, glowing, invisible (but backlit and visible)
A: beast (slay +2), sense surroundings 1, otherworldly, glowing, explore regen
a: Begin Untransformation


You were on level 3 of the Dungeon.
You were a hulking beast.
You visited 1 branch of the dungeon, and saw 3 of its levels.

You collected 53 gold pieces.

Inventory:

Armour
 a - a +0 animal skin
 b - a +1 ring mail of poison resistance (worn)
 i - a +0 pair of gloves
 j - a +0 pair of boots
Jewellery
 l - a ring of poison resistance (left hand)
Talismans
 c - a beast talisman
 d - a flux talisman
Scrolls
 e - a scroll of vulnerability {unknown}
 f - a scroll of fog {unknown}
 g - a scroll of fear {unknown}
 m - a scroll of revelation {unknown}


   Skills:
 - Level 1.1 Fighting
 - Level 2.1 Dodging
 * Level 5.7 Unarmed Combat
 + Level 4.6 Shapeshifting


You had 4 spell levels left.
You didn't know any spells.
Your spell library was empty.

Dungeon Overview and Level Annotations

Branches:
Dungeon (3/15) Zot: 1057

Altars:

Annotations:
D:3 Grinder


Innate Abilities, Weirdness & Mutations

You are a hulking beast.
Your limbs bulge with bestial killing power. (Slay +2)
You passively map a small area around you.
You are easily found by Zot.
You glow in the dark.
You regain HP and MP as you explore.


Message History

Grinder barely misses you. Grinder hits you. Grinder barely misses you.
Grinder hits you.
You writhe in agony.
* * * LOW HITPOINT WARNING * * *
Grinder blinks!
You can move again.
Unknown command.
Unknown command.
Found 11 gold pieces.
Grinder hits you.
You writhe in agony.
* * * LOW HITPOINT WARNING * * *
You hit Grinder but do no damage.
Grinder is moderately wounded.
Grinder hits you!
* * * LOW HITPOINT WARNING * * *
You writhe in agony.
* * * LOW HITPOINT WARNING * * *
You closely miss Grinder.
Grinder is moderately wounded.
Grinder says, "You look like you could use a good racking."
Grinder hits you.
* * * LOW HITPOINT WARNING * * *
You writhe in agony.
* * * LOW HITPOINT WARNING * * *
It was a potion of invisibility.
You become transparent, but the glow from your body prevents you from becoming completely invisible.
Grinder barely misses you.
You hit Grinder.
Grinder is heavily wounded.
Grinder says, "There's only one good use for a tongue: cutting it out."
Grinder misses you.
Unknown command.
You hit Grinder.
Grinder is heavily wounded.
Unknown command.
You hit Grinder.
Grinder is severely wounded.
Grinder hits you!
You die...
Grinder says, "Now the real fun starts!"

.....* .. , *
#... * ##..*
#..#### ... * *
* #.)..###.# ,,,
,, , #.##.....#
* * * #..##<.###
* * , * ,*
###..##.#####.#
, ,
#.....5.......#
,..##..h..######
#...#.#....# * ,
*
....###..###..#
, $.., ##.# *..P
* .# , #.#** , P
* * #.# * , #..
~ ~ * ## ~


You could see Grinder.

Vanquished Creatures
  Terence (D:3)
  A gnoll (D:1)
  3 adders
  A worm (D:3)
  2 endoplasms (D:1)
  2 goblins
  5 hobgoblins
  8 jackals
  3 kobolds
  3 quokkas
  2 ball pythons (D:2)
  6 bats
  4 frilled lizards
  3 rats (D:1)
44 creatures vanquished.

Notes
Turn   | Place    | Note
-------+----------+-------------------------------------------
     0 | D:1      | lunkers the Meteoran Shapeshifter began the quest for the
                  | Orb.
     0 | D:1      | Reached XP level 1. HP: 16/16 MP: 2/2
    22 | D:1      | Reached skill level 4 in Unarmed Combat
    22 | D:1      | Reached XP level 2. HP: 19/23 MP: 3/3
    90 | D:1      | Found a faded altar of an unknown god.
   227 | D:1      | Reached XP level 3. HP: 28/28 MP: 4/4
   457 | D:2      | Reached XP level 4. HP: 34/35 MP: 5/5
   476 | D:2      | Reached skill level 5 in Unarmed Combat
   658 | D:3      | Noticed Terence
   667 | D:3      | Killed Terence
   668 | D:3      | Reached XP level 5. HP: 40/40 MP: 6/6
   733 | D:3      | Noticed Grinder
   739 | D:3      | Paralysed by Grinder for 5 turns
   752 | D:3      | Slain by Grinder

Illustrated notes

Levels and vault maps discovered:
D:1:      dpeg_arrival_central, layout_basic,
          hellmonk_ecumenical_altar_arch_garden, kennysheep_another_room,
          nicolae_wormholes
D:2:      minmay_razor_zed, layout_basic, st_stairs_6
D:3:      layout_rooms, cheibriados_altar_1, serial_bayou_pond_c, uniq_terence,
          uniq_grinder

Skill      XL: |  1  2  3  4 |
---------------+-------------+-----
Unarmed Combat | 4 5 |  5.7
Shapeshifting  | 4 |  4.6
Fighting       | |  1.1
Dodging        | |  2.1

Action                     |  1- 3 |  4- 6 || total
---------------------------+-------+-------++-------
  Melee: Unarmed           |    58 |    54 ||   112
         Punch             |     4 |     1 ||     5
    Use: Potion            |       |     2 ||     2
 Armour: Animal skin       |    11 |       ||    11
         Ring mail         |    12 |    24 ||    36
         Skin              |       |    21 ||    21
  Dodge: Dodged            |    34 |    24 ||    58

Table legend: (Time is in decaauts)
 A = Elapsed time spent in this place.
 B = Non-inter-level travel time spent in this place.
 C = Inter-level travel time spent in this place.
 D = Time resting spent in this place.
 E = Time spent auto-exploring this place.
 F = Levels seen in this place.
 G = Mean time per level.
                   A        B        C        D        E       F      G
               +--------+--------+--------+--------+--------+-----+--------+
         Total |    741 |    692 |     49 |     20 |    405 |   3 |  247.0 |
       Dungeon |    741 |    692 |     49 |     20 |    405 |   3 |  247.0 |
               +--------+--------+--------+--------+--------+-----+--------+

Top non-repeatable levels by time:
     D:2: 349 daAuts
     D:1: 300 daAuts
     D:3: 91 daAuts
